 Dungeon Crawl Stone Soup version 0.26-a0-950-g52035dc9a5 (webtiles) character file.

Game seed: 14322496501844546585

199238 KristoblXynda the Spry (level 17, -14/84 HPs)
             Began as a Spriggan Enchanter on Nov 29, 2020.
             Was the Champion of Ashenzari.
             Killed by the air
             ... invoked by Duil the Cloud Mage
              (30 damage)
             ... in a wizard's laboratory.
             The game lasted 02:18:22 (40568 turns).

KristoblXynda the Spry (Spriggan Enchanter)        Turns: 40568, Time: 02:18:23

Health: -14/84     AC: 16    Str:  6    XL:     17   Next: 84%
Magic:  35/35      EV: 31    Int: 21    God:    Ashenzari [******]
Gold:   1459       SH: 10    Dex: 17    Spells: 24/43 levels left

rFire    + + .     SeeInvis +   F - +12 Vampire's Tooth {vamp} (curse)
rCold    + + +     Faith    .   m - +2 buckler (curse)
rNeg     . . .     Spirit   .   d - +3 acid dragon scales (curse)
rPois    .         Reflect  .   p - +2 hat (curse)
rElec    .         Harm     .   k - +2 cloak (curse)
rCorr    +         Rampage  .   (gloves unavailable)
MR       ++...     Clarity  +   (boots unavailable)
Stlth    +++++++...             n - amulet of the acrobat
HPRegen  0.24/turn              P - ring of the Lich-sworn {*Slow rC++ Slay+4} (curse)
MPRegen  0.24/turn              B - ring "Rumuass" {rF++ rC+} (curse)

@: flying (expiring), very slightly contaminated, hasted and slowed, very quick
A: very small, unfitting armour, see invisible, speed 3
}: 1/15 runes: barnacled
a: Curse Item, Scrying, Transfer Knowledge, Renounce Religion


You were in a wizard's laboratory.
You worshipped Ashenzari.
Ashenzari was exalted by your worship.
You visited 8 branches of the dungeon, and saw 33 of its levels.
You visited 1 bazaar.
You also visited: Gauntlet, Ice Cave, Volcano and Wizlab.

You collected 4728 gold pieces.
You spent 3269 gold pieces at shops.

Inventory:

Hand Weapons
 F - the cursed +12 Vampire's Tooth (weapon) {vamp}
   (You found it in a Gauntlet)

   It inflicts no extra harm, but heals its wielder when it wounds a living foe.
   It has a curse placed upon it.
Armour
 d - cursed +3 acid dragon scales (worn)
 k - a cursed +2 cloak (worn)
 m - a cursed +2 buckler (worn)
 p - a cursed +2 hat (worn)
Jewellery
 n - an amulet of the acrobat (around neck)
 B - the cursed ring "Rumuass" (right hand) {rF++ rC+}
   (You found it on level 4 of the Shoals)

   [ring of protection from cold]

   It greatly protects you from fire.
   It protects you from cold.
   It has a curse placed upon it.
 P - the cursed ring of the Lich-sworn (left hand) {*Slow rC++ Slay+4}
   (You found it on level 6 of the Lair of Beasts)

   [ring of slaying]

   It affects your accuracy and damage with ranged weapons and melee attacks
   (+4).
   It greatly protects you from cold.
   It may slow you when you take damage.
   It has a curse placed upon it.
Wands
 e - a wand of digging (6)
 f - a wand of paralysis (20)
 l - a wand of disintegration (24)
 r - a wand of acid (2)
 s - a wand of iceblast (24)
Scrolls
 a - 5 scrolls of magic mapping
 c - 12 scrolls of fog
 g - 13 scrolls of identify
 h - a scroll of immolation
 y - a scroll of holy word
 A - 9 scrolls of fear
 C - 4 scrolls of enchant armour
 D - 13 scrolls of amnesia
 H - 13 scrolls of teleportation
 I - 4 scrolls of blinking
 M - a scroll of summoning
Potions
 b - 4 potions of mutation
 i - 9 potions of lignification
 j - 5 potions of attraction
 o - 6 potions of flight
 q - 2 potions of resistance
 t - 14 potions of curing
 u - 3 potions of might
 v - 4 potions of invisibility
 x - 5 potions of ambrosia
 z - 4 potions of cancellation
 L - 5 potions of brilliance
 T - 3 potions of haste
Miscellaneous
 w - a condenser vane
 E - a tin of tremorstones (2/2)
 N - a lightning rod (4/4)
 S - a box of beasts (inert)


   Skills:
 - Level 7.0 Fighting
 - Level 10.3(14.6) Short Blades
 - Level 8.0 Armour
 + Level 15.1(19.1) Dodging
 - Level 15.0(19.0) Stealth
 - Level 5.1(8.1) Shields
 + Level 13.7 Spellcasting
 + Level 8.1(11.1) Conjurations
 - Level 14.1(16.7) Hexes
 - Level 6.1(9.2) Fire Magic
 - Level 10.1(12.9) Air Magic
 - Level 10.0(12.8) Evocations


You had 24 spell levels left.
You knew the following spells:

 Your Spells              Type           Power        Failure   Level
a - Mephitic Cloud        Conj/Pois/Air  #####...     1%          3
b - Ensorcelled Hibernat  Hex/Ice        ######       1%          2
c - Tukima's Dance        Hex            ######..     1%          3
d - Fireball              Conj/Fire      ######....   3%          5
e - Freezing Cloud        Conj/Ice/Air   #####.....   38%         6

Your spell library contained the following spells:

 Spells                   Type           Power        Failure   Level
 Corona                   Hex            ######.      0%          1
 Slow                     Hex            ######..     0%          2
 Magic Dart               Conj           ####         1%          1
 Poisonous Vapours        Pois/Air       #####.       1%          2
 Searing Ray              Conj           ######       1%          2
 Confusing Touch          Hex            ######..     1%          3
 Conjure Flame            Conj/Fire      ######..     1%          3
 Dazzling Flash           Conj/Hex       ######       1%          3
 Fulminant Prism          Conj/Hex       ######....   1%          4
 Silence                  Hex/Air        ######....   1%          5
 Iskenderun's Battlesphe  Conj           ######..     2%          5
 Ignite Poison            Fire/Tmut/Pois ####....     6%          3
 Animate Skeleton         Necr           ###...       7%          1
 Apportation              Tloc           ###...       7%          1
 Pain                     Necr           ###.         7%          1
 Sandblast                Erth           ###...       7%          1
 Summon Small Mammal      Summ           ###.         7%          1
 Metabolic Englaciation   Hex/Ice        ######....   7%          5
 Iskenderun's Mystic Bla  Conj/Tloc      #####...     8%          4
 Conjure Ball Lightning   Conj/Air       ######....   9%          6
 Call Imp                 Summ           ###.....     10%         2
 Blink                    Tloc           N/A          11%         2
 Passwall                 Tmut/Erth      ###.....     11%         2
 Bolt of Magma            Conj/Fire/Erth #####.....   13%         5
 Starburst                Conj/Fire      ######....   19%         6
 Call Canine Familiar     Summ           ###.....     21%         3
 Vampiric Draining        Necr           ###.......   21%         3
 Irradiate                Conj/Tmut      #####.....   21%         5
 Ice Form                 Ice/Tmut       ###.....     54%         4
 Animate Dead             Necr           ###.......   56%         4
 Orb of Destruction       Conj           ######....   56%         7
 Iron Shot                Conj/Erth      #####.....   75%         6
 Agony                    Necr           ###.....     88%         5
 Spellforged Servitor     Conj/Summ      #####.....   99%         7
 Ozocubu's Refrigeration  Ice            ###.......   100%        6
 Shadow Creatures         Summ           N/A          100%        6
 Simulacrum               Ice/Necr       ###.......   100%        6
 Ignition                 Fire           ######....   100%        8


Dungeon Overview and Level Annotations

Branches:
Dungeon (15/15)            Temple (1/1) D:7            Lair (6/6) D:10
 Shoals (4/4) Lair:3        Snake (1/4) Lair:4        Slime (0/5) Lair:6
    Orc (2/2) D:12            Elf (3/3) Orc:2        Vaults (1/5) D:13
 Depths (0/5) D:15          IceCv (visited)         Volcano (visited)
 WizLab (1/1)             Gauntlet (visited)

Altars:
Ashenzari
Cheibriados
Dithmenos
Elyvilon
Fedhas
Gozag
Hepliaklqana
Kikubaaqudgha
Makhleb
Nemelex Xobeh
Okawaru
Qazlal
Ru
Sif Muna
Trog
Uskayaw
Vehumet
Wu Jian
Xom
Yredelemnul
Zin
The Shining One
Beogh

Shops:
D:4 [   D:6 (   D:13 ([   Orc:2 *!?[   Elf:2 (   Shoals:3 *   Shoals:4 (

Annotations:
D:9 exclusion: obsidian statue
D:15 3 runed translucent doors, KristoblXynda's ghost, journeyman GrFi
Snake:1 Azrael
Elf:2 3 runed translucent doors


Innate Abilities, Weirdness & Mutations

You are very small and have problems with some larger weapons.
You are too small for most types of armour.
You have supernaturally acute eyesight. (SInv)
You cover ground extremely quickly.


Message History

Aiming: Iceblast
Press: ? - help, Shift-Dir - straight line The mass of ice explodes!
You flicker back into view.
The vortex of raging winds lifts you up.
You fly up into the air.
* * * LOW HITPOINT WARNING * * *
The winds around Duil start to calm down.
Unknown command.
Unknown command.
Unknown command.
Evoke which item? (* to show all) (? for menu, Esc to quit)
Aiming: Iceblast
Press: ? - help, Shift-Dir - straight line, f - Duil
Aim: Duil the Cloud Mage, wielding a +2 quick blade of electrocution, wearing the +3 robe of Clouds {+Thunder rCloud rElec} and wearing the ring "Ciseqe Nosa" {+Fly rElec rPois Slay+2} (raging winds, almost dead, surrounded by restless winds)
The mass of ice explodes!
The iceblast engulfs Duil!!
Duil is almost dead.
Duil waves his arms in wide circles.
The air twists around and violently strikes you in flight!!
You die...

§§§§§##.≈≈≈≈≈≈##§§#§§#§§#§§#§§* *
§≈≈≈≈#..≈≈≈≈≈≈#.§§§§§§§§§§§§§§. ,
§≈≈≈##.≈≈≈≈≈≈≈#§§§§§§§§§§§§.§..*
§≈≈≈#..≈≈≈≈≈≈≈#.§.§§§§§§§§§§.. ,
§≈≈≈#........['§§§§§§§§§§§.§§.,'
§≈≈≈#..≈≈≈≈≈≈≈#†§§§§§§§§§§§§§ *,
§≈≈≈##.≈≈≈≈≈≈≈#.§§§§@§§§§§§§§,
§≈≈≈≈#..≈≈≈≈≈≈#§§§§§§§§§§§§§§ ,*,
§≈≈≈≈##.≈≈≈≈≈≈##@§#§§#§§#§§#..#
§≈≈≈≈≈#..≈≈≈≈≈########### ##
§≈≈≈≈≈##...≈≈≈###################
§§§≈≈≈≈###...≈≈≈≈≈≈≈≈≈≈≈≈≈≈≈≈≈≈≈≈
§§§§§§§§≈###.....................
≈≈≈§≈≈§§≈§§####################..
≈§§§§§§§§§§§≈≈ ≈≈≈≈≈≈≈###≈≈≈≈≈##.
≈ §§§§§§§§§§ ≈ ≈≈≈≈≈##.##≈≈≈≈≈##
≈ §§§§§§§§§ ≈≈≈≈≈##.§§##≈≈≈≈≈#


You could see Duil the Cloud Mage (gusty).

Vanquished Creatures
  Agnes (D:14)
  2 frost giants
  A deep elf elementalist (Elf:1)
  Nessos (D:14)
  3 deep elf demonologists
  A spark wasp (WizLab)
  The ghost of nht the Grappler, a journeyman TrFi of Okawaru (Orc:2)
  An ettin (Orc:2)
  2 merfolk javelineers
  2 blizzard demons (WizLab)
  Josephine (Snake:1)
  7 merfolk impalers
  2 fire dragons
  A vault guard (D:13)
  9 hydras
  Fannar (Lair:2)
  A boulder beetle (D:13)
  3 catoblepae
  A ghost crab (WizLab)
  A naga warrior (Snake:1)
  2 merfolk avatars
  7 centaur warriors
  3 ice dragons
  3 merfolk aquamancers
  3 spriggan air magi (WizLab)
  The ghost of Tessuop the Grappler, a journeyman VSFi of Cheibriados (Lair:4)
  Erica (Lair:2)
  2 alligator snapping turtles
  A two-headed ogre (D:8)
  10 dancing weapons
  3 death yaks (Lair:5)
  2 satyrs (Shoals:4)
  An ogre mage (D:14)
  A naga sharpshooter (Snake:1)
  A spriggan berserker (Lair:4)
  7 deep elf knights
  5 orc high priests
  Sonja (D:10)
  A wretched star (Gauntlet)
  2 fire crabs (Lair:6)
  9 sea snakes
  5 unseen horrors
  5 death drakes (WizLab)
  A swamp dragon (Lair:6)
  10 deep elf archers
  An orb spider (shapeshifter) (D:14)
  A wolf spider (D:14)
  9 harpies (Shoals:4)
  3 orc knights
  15 manticores
  35 deep elf magi
  An orc sorcerer (Orc:2)
  4 ugly things
  8 fauns
  3 cyclopes
  8 merfolk sirens
  29 elephants
  2 centaur zombies
  2 ice statues (IceCv)
  A moth of wrath (Lair:4)
  2 apocalypse crabs (WizLab)
  8 black mambas
  6 water nymphs
  Joseph (D:7)
  A torpor snail (Lair:2)
  Maggie (D:9)
  A gargoyle (D:11)
  2 kobold demonologists
  8 cane toads
  6 rime drakes
  7 komodo dragons
  7 trolls
  A wind drake (shapeshifter) (Elf:2)
  Prince Ribbit (D:7)
  10 wind drakes
  9 polar bears
  26 merfolk
  A polar bear (shapeshifter) (D:13)
  A blink frog (shapeshifter) (Elf:1)
  6 raiju (Lair:6)
  3 hornets
  4 blink frogs (Lair:1)
  9 snapping turtles
  A slime creature (Lair:6)
  7 dream sheep (Lair:4)
  9 air elementals
  A shadow (D:12)
  7 spriggans (Lair:4)
  2 vampires
  6 wraiths
  5 wyverns
  29 yaks
  3 water elementals
  2 small abominations (Gauntlet)
  3 fire bats (Volcano)
  5 basilisks
  2 fire elementals (Elf:1)
  3 chaos spawn (Gauntlet)
  6 steam dragons
  A neqoxec (Gauntlet)
  Grum (D:10)
  3 vampire mosquitoes (D:12)
  Menkaure (D:7)
  7 water moccasins
  4 acid dragons
  3 nagas
  15 wargs
  13 hell hounds
  3 eyes of draining
  A swamp drake (Lair:6)
  6 sky beasts
  12 black bears
  23 orc warriors
  5 phantoms
  A hornet zombie (D:8)
  20 ice beasts
  22 wolves
  An eye of draining (shapeshifter) (D:13)
  8 ogres
  14 centaurs
  22 bullfrogs
  A gnoll sergeant (D:7)
  4 wyvern zombies
  6 scorpions
  6 killer bees (D:8)
  6 wights
  6 electric eels
  7 howler monkeys
  A bullfrog zombie (D:12)
  A quasit (D:9)
  5 jellies
  7 hounds
  3 bullfrog skeletons
  45 orc priests
  Crazy Yiuf (D:2)
  4 centaur skeletons
  Natasha (thrice) (D:2)
  Ijyb (D:4)
  12 iguanas
  23 orc wizards
  5 worker ants
  6 hell rats (Lair:5)
  3 hound skeletons
  A worker ant zombie (D:6)
  Robin (D:3)
  24 gnolls
  14 adders
  A shadow imp (D:6)
  13 white imps
  2 ufetubi (D:7)
  3 adder zombies
  2 oozes
  2 worms (D:3)
  The ghost of brujo666 the Sneak, a weakling DsDe (D:5)
  4 leopard geckos
  108 orcs
  13 bats
  4 giant cockroaches
  12 goblins
  18 hobgoblins
  9 kobolds
  4 quokkas
  5 ball pythons
  4 frilled lizards
  A leopard gecko skeleton (D:5)
  A quokka zombie (D:8)
  9 rats
1061 creatures vanquished.

Vanquished Creatures (collateral kills)
  Rupert (D:15)
  A tengu reaver (D:14)
  A minotaur (Gauntlet)
  A merfolk avatar (Shoals:2)
  A gargoyle (Gauntlet)
  2 molten gargoyles (Gauntlet)
  A wind drake (Shoals:2)
  Sigmund (D:5)
  A vampire (D:12)
  8 wights
18 creatures vanquished.

Vanquished Creatures (others)
  A gargoyle (D:12)
  A komodo dragon (D:12)
  A polar bear (Lair:6)
  A necrophage (D:12)
  A centaur (D:12)
  A big kobold (D:12)
  A centaur skeleton (D:12)
  An orc wizard (D:10)
  A worker ant (D:12)
  An orc (D:12)
  17 fungi
  66 plants
93 creatures vanquished.

Grand Total: 1172 creatures vanquished

Notes
Turn   | Place    | Note
-------+----------+-------------------------------------------
     0 | D:1      | KristoblXynda the Spriggan Enchanter began the quest for
                  | the Orb.
     0 | D:1      | Reached XP level 1. HP: 9/9 MP: 5/5
   454 | D:1      | Reached XP level 2. HP: 1/13 MP: 4/6
   734 | D:1      | Learned a level 2 spell: Ensorcelled Hibernation
  1159 | D:1      | Reached skill level 5 in Stealth
  1298 | D:1      | Reached XP level 3. HP: 16/16 MP: 8/8
  1435 | D:2      | Learned a level 3 spell: Tukima's Dance
  1777 | D:2      | Found a white marble altar of Elyvilon.
  1779 | D:2      | Found a bloodstained altar of Trog.
  1799 | D:2      | Found a hide-covered altar of Uskayaw.
  1883 | D:2      | Noticed Natasha
  1914 | D:2      | Killed Natasha
  1915 | D:2      | Reached XP level 4. HP: 21/21 MP: 0/10
  2079 | D:2      | Found a runed translucent door.
  2080 | D:2      | Noticed Crazy Yiuf
  2255 | D:2      | Found an opulent altar of Gozag.
  2268 | D:2      | Found a broken altar of Ashenzari.
  2302 | D:2      | Noticed Natasha
  2312 | D:2      | Killed Natasha
  2505 | D:2      | Reached XP level 5. HP: 24/24 MP: 1/11
  2737 | D:2      | Found a glowing silver altar of Zin.
  2970 | D:2      | Found a stormy altar of Qazlal.
  2994 | D:2      | Noticed Natasha
  2998 | D:2      | Killed Natasha
  3038 | D:2      | Found a shimmering blue altar of Sif Muna.
  3038 | D:2      | Found a basalt altar of Yredelemnul.
  3039 | D:2      | Found a radiant altar of Vehumet.
  3167 | D:2      | Killed Crazy Yiuf
  3168 | D:2      | Reached skill level 5 in Hexes
  3354 | D:3      | Reached XP level 6. HP: 14/28 MP: 4/13
  3511 | D:3      | Found a faded altar of an unknown god.
  3530 | D:2      | Became a worshipper of Ashenzari the Shackled
  4181 | D:3      | Noticed Robin
  4219 | D:3      | Killed Robin
  4696 | D:4      | Noticed Ijyb
  4705 | D:4      | Killed Ijyb
  4810 | D:4      | Reached skill level 5 in Spellcasting
  4852 | D:4      | Reached XP level 7. HP: 29/32 MP: 15/15
  5271 | D:4      | Found Quokh's Antique Armour Shop.
  5279 | D:4      | Bought a runed robe for 85 gold pieces
  5536 | D:5      | Entered Level 5 of the Dungeon
  5536 | D:5      | Reached * piety under Ashenzari
  5548 | D:5      | Found a runed translucent gate.
  5548 | D:5      | Found a runed translucent gate.
  5548 | D:5      | Found a runed translucent gate.
  5548 | D:5      | Noticed brujo666's ghost (weakling DsDe)
  5607 | D:5      | Killed brujo666's ghost
  5738 | D:5      | Noticed Sigmund
  5813 | D:5      | Found a hazy altar of Hepliaklqana.
  5868 | D:5      | Killed Sigmund
  5869 | D:5      | Reached skill level 5 in Short Blades
  5869 | D:5      | Reached XP level 8. HP: 32/36 MP: 5/18
  6417 | D:5      | Found a burning altar of Makhleb.
  6918 | D:6      | Reached skill level 5 in Dodging
  7412 | D:6      | Found Bedwuaji's Antique Weapon Emporium.
  7436 | D:6      | Reached skill level 10 in Stealth
  7767 | D:7      | Reached XP level 9. HP: 34/39 MP: 17/21
  7811 | D:7      | Found a staircase to the Ecumenical Temple.
  7928 | D:7      | Noticed Menkaure
  7933 | D:7      | Killed Menkaure
  7939 | D:7      | Found an ornate altar of the Wu Jian Council.
  7973 | D:7      | Noticed Prince Ribbit
  7981 | D:7      | Killed Prince Ribbit
  8108 | D:7      | Noticed Joseph
  8274 | D:7      | Killed Joseph
  8770 | D:8      | Learned a level 3 spell: Mephitic Cloud
  9223 | D:8      | Identified Sif Muna's Guide on Nocuous Arcane Weapons
  9245 | D:8      | Reached ** piety under Ashenzari
  9312 | D:8      | Noticed a two-headed ogre
  9325 | D:8      | Killed a two-headed ogre
  9326 | D:8      | Reached XP level 10. HP: 44/44 MP: 18/24
 10514 | D:9      | Noticed an obsidian statue
 10821 | D:9      | Noticed Maggie
 10835 | D:9      | Killed Maggie
 11283 | D:10     | Entered Level 10 of the Dungeon
 11613 | D:7      | Reached skill level 10 in Hexes
 11619 | Temple   | Entered the Ecumenical Temple
 11949 | D:6      | Bought a shimmering hand crossbow for 187 gold pieces
 11949 | D:6      | Identified the cursed +1 hand crossbow of Umeuh {flame,
                  | rC++} (You bought it in a shop on level 6 of the Dungeon)
 11949 | D:6      | Bought a glowing rapier for 154 gold pieces
 12235 | D:10     | Noticed Grum
 12259 | D:10     | Killed Grum
 12325 | D:10     | Noticed Sonja
 12329 | D:10     | Noticed an unseen horror
 12351 | D:10     | Killed an unseen horror
 12352 | D:10     | Reached skill level 5 in Evocations
 12392 | D:10     | Killed Sonja
 12393 | D:10     | Reached skill level 10 in Dodging
 12556 | D:10     | Found a staircase to the Lair.
 12805 | D:10     | Reached *** piety under Ashenzari
 13011 | D:10     | Reached XP level 11. HP: 47/47 MP: 19/25
 13041 | D:10     | Reached skill level 1 in Shields
 13407 | D:11     | Reached skill level 1 in Air Magic
 13426 | D:11     | Noticed a green ugly thing
 13448 | D:11     | Killed a green ugly thing
 14053 | D:12     | Noticed a five-headed hydra
 14054 | D:12     | Killed a five-headed hydra
 14206 | D:12     | Reached **** piety under Ashenzari
 14821 | D:12     | Noticed an unseen horror
 14930 | D:12     | Killed an unseen horror
 15129 | D:12     | Found a staircase to the Orcish Mines.
 15216 | D:12     | Noticed a purple ugly thing
 15247 | D:12     | Killed a purple ugly thing
 15724 | D:12     | Found a shimmering altar of Xom.
 15855 | D:13     | Reached skill level 15 in Stealth
 15871 | D:13     | Noticed a cyan ugly thing
 15873 | D:13     | Killed a cyan ugly thing
 15874 | D:13     | Reached XP level 12. HP: 51/51 MP: 26/26
 15896 | D:13     | Noticed a centaur warrior
 15905 | D:13     | Killed a centaur warrior
 15989 | D:13     | Identified the ring of Discretion {+Fly Dex+3}
 16062 | D:13     | Found Ipydgh's Weapon Emporium.
 16095 | D:13     | Reached skill level 1 in Armour
 16113 | D:13     | Noticed a centaur warrior
 16118 | D:13     | Killed a centaur warrior
 16126 | D:13     | Found Cyero's Antique Armour Shoppe.
 16176 | D:13     | Reached skill level 5 in Air Magic
 16584 | D:13     | Noticed a seven-headed hydra
 16585 | D:13     | Killed a seven-headed hydra
 16593 | D:13     | Noticed a centaur warrior
 16594 | D:13     | Noticed a four-headed hydra
 16596 | D:13     | Noticed a vault guard
 16601 | D:13     | Killed a centaur warrior
 16612 | D:13     | Killed a four-headed hydra
 16690 | D:13     | Killed a vault guard
 16691 | D:13     | Reached skill level 5 in Shields
 16816 | D:13     | Found a gate to the Vaults.
 17096 | D:14     | Noticed a centaur warrior
 17133 | D:14     | Killed a centaur warrior
 17134 | D:14     | Reached skill level 1 in Fighting
 17257 | D:14     | Noticed a centaur warrior
 17260 | D:14     | Noticed an ogre mage
 17264 | D:14     | Found a large runed translucent door.
 17269 | D:14     | Killed a centaur warrior
 17272 | D:14     | Killed an ogre mage
 17276 | D:14     | Found a large runed translucent door.
 17332 | D:14     | Reached XP level 13. HP: 58/58 MP: 1/27
 17817 | D:14     | Reached ***** piety under Ashenzari
 18115 | D:14     | Noticed Nessos
 18115 | D:14     | Noticed Agnes
 18118 | D:14     | Killed Nessos
 18122 | D:14     | Killed Agnes
 18218 | D:14     | Found a white marble altar of Elyvilon.
 18218 | D:14     | Noticed a frost giant
 18244 | D:14     | Killed a frost giant
 18313 | D:14     | Found a broken altar of Ashenzari.
 18313 | D:14     | Noticed a tengu reaver
 18570 | D:14     | Killed a tengu reaver
 18616 | D:15     | Entered Level 15 of the Dungeon
 18796 | D:15     | Found a runed translucent gate.
 18796 | D:15     | Noticed KristoblXynda's ghost (journeyman GrFi)
 18797 | D:15     | Found a runed translucent gate.
 18806 | D:15     | Found a runed translucent gate.
 18806 | D:15     | Identified the cursed +2 scimitar of Law {freeze, +Inv
                  | rElec Dex+3}
 18806 | D:15     | Identified the cursed +0 plate armour of Life {rC- rN+++
                  | Int+2 Slay-5}
 18819 | D:15     | Found a roughly hewn altar of Beogh.
 18909 | D:15     | Noticed a fire dragon
 18935 | D:15     | Noticed Rupert
 18947 | D:15     | Killed Rupert
 18948 | D:15     | Reached skill level 5 in Armour
 19670 | D:15     | Killed a fire dragon
 19677 | D:15     | Found a staircase to the Depths.
 19679 | D:15     | Reached skill level 10 in Evocations
 20008 | Lair:1   | Entered Level 1 of the Lair of Beasts
 20915 | Lair:2   | Reached XP level 14. HP: 66/66 MP: 28/28
 21043 | Lair:2   | Noticed Fannar
 21065 | Lair:2   | Killed Fannar
 21254 | Lair:2   | Found a basalt altar of Yredelemnul.
 21405 | Lair:2   | Reached skill level 5 in Fighting
 21529 | Lair:2   | Noticed Erica
 21541 | Lair:2   | Killed Erica
 22719 | Lair:3   | Found a staircase to the Shoals.
 22785 | Lair:3   | Reached ****** piety under Ashenzari
 22853 | Lair:4   | Found a frozen archway.
 23020 | Lair:4   | Reached skill level 10 in Spellcasting
 23186 | IceCv    | Entered an ice cave
 23396 | IceCv    | Reached skill level 10 in Air Magic
 24030 | IceCv    | Identified the ring "Haraog" {Ice +Fly}
 24355 | Lair:4   | Found a staircase to the Snake Pit.
 24477 | Lair:4   | Identified the +10 spear of Holan {antimagic, *Slow rPois
                  | MR+++ Dex+2}
 24479 | Lair:4   | Identified the +7 demon whip "Cookie Cutter" {flame, rPois
                  | rF- Str+4 Dex+3}
 24480 | Lair:4   | Found a transporter.
 24547 | Lair:4   | Reached XP level 15. HP: 50/72 MP: 28/31
 24555 | Lair:4   | Noticed Tessuop's ghost (journeyman VSFi)
 24560 | Lair:4   | Found a bloodstained altar of Trog.
 24671 | Lair:4   | Found a transporter.
 24673 | Lair:4   | Identified the +8 trident "Arbiter" {vorpal, rF++ Int+3}
 25111 | Lair:5   | Reached skill level 1 in Conjurations
 26511 | Lair:6   | Entered Level 6 of the Lair of Beasts
 26516 | Lair:6   | Found a dark tunnel.
 26521 | Volcano  | Entered a volcano
 26596 | Lair:6   | Found a gate leading to a gauntlet.
 26601 | Lair:6   | Found a staircase to the Slime Pits.
 26603 | Gauntlet | Entered a Gauntlet
 26603 | Gauntlet | Found a transporter.
 26603 | Gauntlet | Found a transporter.
 26661 | Gauntlet | Found a transporter.
 26663 | Gauntlet | Found the +12 Vampire's Tooth {vamp}
 26678 | Gauntlet | Found a transporter.
 26678 | Gauntlet | Found a transporter.
 26678 | Gauntlet | Found a transporter.
 26681 | Gauntlet | Found a transporter.
 26681 | Gauntlet | Found a transporter.
 26693 | Gauntlet | Found a transporter.
 26709 | Gauntlet | Found a transporter.
 26718 | Gauntlet | Found the +0 pair of fencer's gloves {Riposte Dex+3}
 26719 | Gauntlet | Found a transporter.
 26733 | Gauntlet | Found a transporter.
 26755 | Gauntlet | Found a transporter.
 26766 | Gauntlet | Found a transporter.
 26965 | Gauntlet | Identified Xys Sidodin's Compendium of Dusty Changing
 27509 | Gauntlet | Identified a scroll of acquirement
 27534 | Lair:6   | Acquired a cursed +2 hat
 27664 | Lair:6   | Identified the ring of the Lich-sworn {*Slow rC++ Slay+4}
 29181 | Lair:6   | Reached skill level 1 in Fire Magic
 29226 | Lair:6   | Learned a level 5 spell: Fireball
 29824 | Orc:1    | Entered Level 1 of the Orcish Mines
 30547 | Orc:2    | Entered Level 2 of the Orcish Mines
 31167 | Orc:2    | Found a staircase to the Elven Halls.
 31374 | Orc:2    | Found Uvarghatur's Assorted Antiques.
 31374 | Orc:2    | Found Diry's Distillery.
 31406 | Orc:2    | Bought a scroll of teleportation for 69 gold pieces
 31406 | Orc:2    | Bought a scroll labelled BEAQ DOTAG for 23 gold pieces
 31426 | Orc:2    | Found a roughly hewn altar of Beogh.
 31549 | Orc:2    | Found a runed translucent door.
 31550 | Orc:2    | Noticed nht's ghost (journeyman TrFi)
 31589 | Orc:2    | Killed nht's ghost
 31591 | Orc:2    | Identified Sif Muna's Reference Book on the Oath and
                  | Transmutation
 31805 | Orc:2    | Found Udekhloze's Magic Scroll Shop.
 31805 | Orc:2    | Found Eqyigg's Antique Armour Shoppe.
 31829 | Orc:2    | Bought a scroll of identify for 34 gold pieces
 31829 | Orc:2    | Bought a scroll of teleportation for 51 gold pieces
 31829 | Orc:2    | Bought a scroll of teleportation for 51 gold pieces
 31829 | Orc:2    | Bought a scroll of enchant armour for 127 gold pieces
 31829 | Orc:2    | Bought a scroll of remove curse for 51 gold pieces
 32072 | Shoals:1 | Entered Level 1 of the Shoals
 32508 | Shoals:1 | Reached XP level 16. HP: 64/76 MP: 31/33
 33870 | Shoals:2 | Reached skill level 5 in Conjurations
 33877 | Shoals:2 | Reached skill level 10 in Short Blades
 33877 | Shoals:2 | Reached skill level 15 in Dodging
 34272 | Shoals:3 | Found Haffap Meaf's General Store.
 34283 | Shoals:3 | Bought a potion of invisibility for 96 gold pieces
 34957 | Shoals:4 | Entered Level 4 of the Shoals
 35004 | Shoals:4 | Identified the ring "Rumuass" {rF++ rC+}
 35132 | Shoals:4 | Reached skill level 5 in Fire Magic
 35208 | Shoals:4 | Identified the +8 hand axe "Doebaivvemp" {venom, Str+3}
 35515 | Shoals:4 | Got a barnacled rune of Zot
 35709 | Shoals:4 | Identified the +5 scale mail of Zikapnea {rC- Regen+ Int+5
                  | Stlth+}
 35918 | Shoals:4 | Found Qurch's Antique Weapon Boutique.
 36394 | Orc:2    | Bought a scroll of remove curse for 51 gold pieces
 36427 | Elf:1    | Entered Level 1 of the Elven Halls
 36597 | Elf:1    | Reached XP level 17. HP: 83/83 MP: 23/34
 36718 | Elf:1    | Identified the Collected Works on Calling
 38135 | Elf:2    | Learned a level 6 spell: Freezing Cloud
 38467 | Elf:2    | Found Kanojera's Antique Weapon Emporium.
 38517 | Elf:2    | Found a runed translucent gate.
 38517 | Elf:2    | Found a runed translucent gate.
 38524 | Elf:2    | Found a runed translucent gate.
 38729 | Elf:2    | Identified the +8 quarterstaff of Aroitecw {drain, Dex+4}
 38827 | Elf:3    | Entered Level 3 of the Elven Halls
 38830 | Elf:3    | Found a flickering gateway to a bazaar.
 38839 | Bazaar   | Entered a bazaar
 38839 | Bazaar   | Found Puwurch's Distillery.
 38845 | Bazaar   | Found Newuan's Antique Weapon Shop.
 38865 | Bazaar   | Found Kaulause's Antique Armour Shop.
 38873 | Bazaar   | Bought the +18 shield of the Gong {rElec rN+ MR+ EV-5} for
                  | 2043 gold pieces
 38873 | Bazaar   | Found the +18 shield of the Gong {rElec rN+ MR+ EV-5}
 38886 | Bazaar   | Bought a potion of curing for 39 gold pieces
 38886 | Bazaar   | Bought a potion of heal wounds for 65 gold pieces
 38886 | Bazaar   | Bought a potion of curing for 39 gold pieces
 38886 | Bazaar   | Bought a potion of mutation for 104 gold pieces
 39126 | Snake:1  | Entered Level 1 of the Snake Pit
 39126 | Snake:1  | Noticed Josephine
 39132 | Snake:1  | Killed Josephine
 39337 | Snake:1  | Noticed Azrael
 39423 | Lair:4   | Killed Tessuop's ghost
 39658 | Vaults:1 | Entered Level 1 of the Vaults
 39675 | Vaults:1 | Found a magical portal.
 39684 | WizLab   | Entered The Chambers of the Cloud Mage
 40546 | WizLab   | Identified the ring "Ciseqe Nosa" {+Fly rElec rPois Slay+2}
 40546 | WizLab   | Noticed Duil
 40568 | WizLab   | Killed from afar by Duil the Cloud Mage

Illustrated notes

Levels and vault maps discovered:
D:1:      minmay_arrival_semitransparent, layout_basic, chequers_avenue
D:2:      layout_loops_corners, zin_academy, overflow_temple_1_default,
          nicolae_overflow_hidden_temple,
          chequers_temple_overflow_statue_of_worship, kennysheep_generic_room_7,
          uniq_natasha, uniq_crazy_yiuf_cottage
D:3:      kb_forest_paths, layout_loops_ring,
          chequers_ecumenical_altar_simple_redux, st_stairs_7, uniq_robin
D:4:      cheibrodos_pilgrimage, layout_rooms, serial_shops, shop, uniq_ijyb
D:5:      layout_rooms, lightli_temple_of_fire, general_overflow_altar,
          ebering_ghost_rock_garden, uniq_sigmund
D:6:      layout_loops_cross, serial_shops, nicolae_shop_statue_plus,
          due_unseen_surprise
D:7:      layout_cave_pools, old_standard_altar, minmay_temple_entry_overgrown,
          uniq_joseph, uniq_prince_ribbit1, uniq_menkaure
D:8:      layout_loops_cross, serial_bayou, serial_bayou_pond_b,
          serial_bayou_pond_d, serial_bayou_ford_a, serial_bayou_pond_d
D:9:      layout_stronghold, corexii_hall_statues_t, minivault_16, minmay_holes,
          uniq_maggie
D:10:     layout_rooms, lair_entry_dummy, nooodl_orcs_dogs, uniq_grum,
          uniq_sonja
D:11:     layout_basic, grunt_decor_cap
D:12:     layout_stronghold, david_orc_2, kennysheep_another_room,
          xom_confusion_cloud
D:13:     minmay_inside_and_out, layout_irregular_city, david_vaults_5,
          serial_shops, nicolae_shop_crystal, shop, kennysheep_generic_room_16
D:14:     layout_cave_pods, jmf_multi_god_temple2, uniq_nessos, uniq_agnes
D:15:     grunt_enter_depths_hoard, layout_irregular_city,
          biasface_ghost_orc_armoury, serial_bayou_pond_e, uniq_rupert
Temple:   nicolae_temple_figure_zero
Lair:1:   layout_gridlike, serial_bayou_lagoon_b, serial_bayou_shore_a,
          infiniplex_staircase_pool
Lair:2:   layout_misc_corridors, basic_altar, grunt_megastairs_1, uniq_erica,
          uniq_fannar
Lair:3:   layout_regular_city, minmay_shoals_entry_lonely_mermaid
Lair:4:   layout_concentric_octagons, guppyfry_snake_entry_garden,
          portal_ice_cave_entry_imps, gammafunk_ghost_wrathful_warriors,
          grunt_megastairs_3, lemuel_fruit_tree
Lair:5:   layout_layer_cave
Lair:6:   hangedman_lair_caniforms_friends, layout_misc_corridors,
          guppyfry_lair_end_dragon, minmay_slime_entry_pillars,
          gauntlet_entry_generic, lightli_volcano_entry_magma_tube
Shoals:1: layout_shoals, nicolae_shoals_wave_tunnel
Shoals:2: layout_shoals, nicolae_shoals_stone_sculpture_thing
Shoals:3: layout_shoals, serial_shops, nicolae_shop_statue_plus
Shoals:4: shoals_end_grunt_ice, layout_shoals, serial_shops, shop
Snake:1:  layout_cave_shapes, st_stairs_6, drop_trap, minmay_shop_grid_forest,
          hangedman_feature_mirror, uniq_azrael, uniq_josephine
Orc:1:    layout_caves
Orc:2:    st_orc_town, layout_caves, gammafunk_ghost_grave, library_closet
Elf:1:    layout_geoelf_diagonals, minmay_elf_demonology, st_stairs_1,
          grunt_megastairs_2
Elf:2:    layout_rooms, serial_shops, nicolae_shop_behind_doors, hex_medium,
          glass_columns_a, minivault_25, minivault_20
Elf:3:    grunt_elf_hall_diamonds, layout_gridlike, serial_shops,
          bzr_entry_lakeside
Vaults:1: hangedman_vaults_trim, nicolae_vaults_arrows, st_more_cells,
          v_misc_22, nicolae_vaults_rhombus_7, v_pattern_2, vaults_room_pools,
          nicolae_vaults_three_branches, vaults_room_pool,
          nicolae_vaults_shelves_hall, layout_vaults_omnibox, serial_shops,
          shop, mu_enter_wizlab_3
WizLab:   wizlab_cloud

Skill      XL: |  1  2  3  4  5  6  7  8  9 10 11 12 13 14 15 16 17 |
---------------+----------------------------------------------------+-----
Spellcasting   | 3 4 5 6 7 9 11 12 13 | 13.7
Hexes          | 4 5 6 7 9 10 12 13 14 | 14.1
Stealth        | 5 6 7 8 10 11 13 15 | 15.0
Short Blades   | 2 3 4 5 6 9 10 | 10.3
Dodging        | 5 8 10 12 14 15 | 15.1
Evocations     | 2 5 6 7 10 | 10.0
Shields        | 3 5 |  5.1
Air Magic      | 4 6 8 10 | 10.1
Armour         | 3 5 6 8 |  8.0
Fighting       | 2 4 5 6 7 |  7.0
Conjurations   | 4 6 8 |  8.1
Fire Magic     | 3 6 |  6.1

Action                   |  1- 3 |  4- 6 |  7- 9 | 10-12 | 13-15 | 16-18 || total
-------------------------+-------+-------+-------+-------+-------+-------++-------
Melee: Dagger            |   180 |   216 |       |       |       |       ||   396
       Short sword       |       |    32 |   378 |   962 |  1219 |       ||  2591
       Quick blade       |       |       |       |       |   733 |   916 ||  1649
 Cast: Corona            |     1 |       |     1 |       |       |       ||     2
       Ensorcelled Hiber |    19 |    42 |    52 |   106 |   242 |   141 ||   602
       Tukima's Dance    |       |       |     1 |     9 |    26 |     4 ||    40
       Mephitic Cloud    |       |       |       |     4 |    48 |    32 ||    84
       Fireball          |       |       |       |       |     5 |       ||     5
Invok: Curse Item        |       |     1 |     1 |     2 |     4 |     2 ||    10
       Scrying           |       |       |       |       |     1 |       ||     1
 Abil: Evoke Flight      |       |       |       |       |       |     1 ||     1
Evoke: Wand              |       |       |     3 |     7 |    49 |    36 ||    95
       Box of beasts     |       |       |       |       |     2 |     2 ||     4
       Lightning rod     |       |       |       |       |     3 |     4 ||     7
       Tin of tremorston |       |       |       |       |       |     2 ||     2
  Use: Scroll            |       |     4 |    10 |    12 |    16 |    10 ||    52
       Potion            |       |       |       |     1 |     9 |     1 ||    11
 Stab: Sleeping          |    12 |    43 |    37 |   103 |   166 |    88 ||   449
       Paralysed         |       |       |     3 |     2 |     2 |       ||     7
       Distracted        |       |       |     1 |     2 |    11 |     1 ||    15
       Confused          |       |       |       |     5 |    59 |    29 ||    93
Armor: Robe              |    27 |    46 |    65 |    86 |    93 |       ||   317
       Skin              |       |       |       |       |    40 |       ||    40
       Acid dragon scale |       |       |       |       |     1 |    50 ||    51
Dodge: Dodged            |   177 |   137 |   317 |   660 |  1021 |   399 ||  2711
Block: Buckler           |       |       |       |   144 |   587 |   191 ||   922

Table legend: (Time is in decaauts)
 A = Elapsed time spent in this place.
 B = Non-inter-level travel time spent in this place.
 C = Inter-level travel time spent in this place.
 D = Time resting spent in this place.
 E = Time spent auto-exploring this place.
 F = Levels seen in this place.
 G = Mean time per level.
                   A        B        C        D        E       F      G
               +--------+--------+--------+--------+--------+-----+--------+
         Total |  30469 |  29026 |   1443 |   9844 |   9663 |  38 |  801.8 |
       Dungeon |  15447 |  14716 |    731 |   4851 |   5461 |  15 | 1029.8 |
        Temple |     75 |     69 |      6 |      0 |     67 |   1 |   75.0 |
          Lair |   6187 |   5728 |    459 |   1583 |   2353 |   6 | 1031.2 |
        Shoals |   3129 |   3036 |     93 |    960 |    875 |   4 |  782.2 |
     Snake Pit |    134 |    134 |      0 |     55 |     12 |   1 |  134.0 |
  Orcish Mines |   1446 |   1358 |     88 |    464 |    378 |   2 |  723.0 |
   Elven Halls |   1687 |   1623 |     64 |    579 |    425 |   3 |  562.3 |
        Vaults |     16 |     16 |      0 |      0 |      0 |   1 |   16.0 |
        Bazaar |     37 |     37 |      0 |      0 |      0 |   1 |   37.0 |
      Ice Cave |    782 |    782 |      0 |    428 |     36 |   1 |  782.0 |
       Volcano |     37 |     37 |      0 |      0 |      0 |   1 |   37.0 |
        Wizlab |    712 |    712 |      0 |    456 |      0 |   1 |  712.0 |
      Gauntlet |    774 |    774 |      0 |    466 |     52 |   1 |  774.0 |
               +--------+--------+--------+--------+--------+-----+--------+

Top non-repeatable levels by time:
  Lair:6: 1491 daAuts
    D:12: 1389 daAuts
     D:1: 1375 daAuts
    D:10: 1352 daAuts
     D:2: 1250 daAuts
     D:3: 1171 daAuts
  Lair:5: 1153 daAuts
     D:8: 1132 daAuts
    D:13: 1064 daAuts
     D:6: 1014 daAuts
Shoals:4: 1000 daAuts
   Elf:1: 992 daAuts
    D:14: 965 daAuts
     D:9: 963 daAuts
  Lair:3: 945 daAuts
